Workbook

Sheet Weekly Envelope
B1: Loyal Order Of Moose -Weekly House Committee Enevelope
F2: Lodge No
B3: Date: | F3: 20
B4: Contains Register Tapes For Week Ended
B5: And receipts for cash payouts listed in the Weekly Cash Payouts on page(s)
A6: FOOD & BEVERAGE (f&b) RECEIPTS | D6: Credit Card Daily | G6: CASH PAYOUTS (Not Checks)
A7: Beer | B7: =SUM('Income Weekly Envelope'!D22) -> 0 | F7: Beer -Draft | G7: =SUM('Expenditures Weekly Envelope'!J2) -> 0
A8: Draft Beer | B8: =SUM('Income Weekly Envelope'!E22) -> 0 | F8: Beer -Bottle - Can | G8: =SUM('Expenditures Weekly Envelope'!J3) -> 0
A9: Liquor | B9: =SUM('Income Weekly Envelope'!F22) -> 0 | F9: Liquor | G9: =SUM('Expenditures Weekly Envelope'!J4) -> 0
A10: Wine | B10: =SUM('Income Weekly Envelope'!G22) -> 0 | F10: Wine | G10: =SUM('Expenditures Weekly Envelope'!J5) -> 0
A11: Miscellaneous | B11: =SUM('Income Weekly Envelope'!I22) -> 0 | F11: Miscellaneous | G11: =SUM('Expenditures Weekly Envelope'!J6) -> 0
A12: Food - Bar | F12: Food | G12: =SUM('Expenditures Weekly Envelope'!J7) -> 0
A13: Food - Kitchen | B13: =SUM('Income Weekly Envelope'!H22) -> 0
A14: Food & BEV. Sub Total | B14: =SUM(B7:B13) -> 0 | D14: =SUM(D7:D13) -> 0 | F14: Complimentary Beverages | G14: =SUM('Expenditures Weekly Envelope'!J8) -> 0
A15: Sales Tax (this is a libilty) | B15: =SUM('Income Weekly Envelope'!J21) -> 0 | D15: Credit Card Total
A16: Total Food & Beverage Receipts | D16: =SUM(B14+B15) -> 0
A17: Register Reading | F17: Complimentary Food | G17: =SUM('Expenditures Weekly Envelope'!J9) -> 0
A18: Over/Short | B18: ='Income Weekly Envelope'!J25 -> 0
A19: Total Food & Beverage minus Register Reading | D19: =SUM(D16-B19+B18) -> 0
A20: Bingo | B20: ='Income Weekly Envelope'!J26 -> 0
A21: Raffles | B21: ='Income Weekly Envelope'!J27 -> 0
A22: Machines | B22: ='Income Weekly Envelope'!J28 -> 0 | F22: Repairs | G22: =SUM('Expenditures Weekly Envelope'!J10) -> 0
A23: Other Receipts/Resale Merch. | B23: ='Income Weekly Envelope'!J29 -> 0 | F23: Laundry | G23: =SUM('Expenditures Weekly Envelope'!J11) -> 0
A24: Total Other Receipts | B24: =SUM('Income Weekly Envelope'!J30:J40) -> 0 | D24: =SUM(B20:B24) -> 0 | F24: Bar Supplies | G24: =SUM('Expenditures Weekly Envelope'!J12) -> 0
A25: Credit Card Total (Negative) | D25: =SUM(-D14) -> 0 | F25: Kitchen Supplies | G25: =SUM('Expenditures Weekly Envelope'!J13) -> 0
A26: Total Deposits (to all accounts) | D26: =(D19+D24+D25)-G28 -> 0 | F26: Other Cash Payouts | G26: =SUM('Expenditures Weekly Envelope'!J14:J24) -> 0
A27: House Committee Receipt#
A28: Deposit Slip(s) Dated | C28: ,20 | F28: TOTAL CASH PAYOUTS | G28: =SUM(G7:G26) -> 0
F29: Reimburse Check#

Sheet Income Weekly Envelope
A1: Week Ending | D1: Sunday's Date
A3: Date | B3: Day | C3: Server | D3: Key 1 | E3: Key 2 | F3: Key 3 | G3: Key 4 | H3: Key 5 | I3: Key 6 | J3: Daily Total
D4: Beer | E4: Draft Beer | F4: Liquor | G4: Wine | H4: Food | I4: Misc.
A5: =C1-6 -> -6 | B5: Mon | J5: =SUM(D5:I5) -> 0
J6: =SUM(D6:I6) -> 0
A7: =C1-5 -> -5 | B7: Tue | J7: =SUM(D7:I7) -> 0
J8: =SUM(D8:I8) -> 0
A9: =C1-4 -> -4 | B9: Wed | J9: =SUM(D9:I9) -> 0
J10: =SUM(D10:I10) -> 0
A11: =C1-3 -> -3 | B11: Thur | J11: =SUM(D11:I11) -> 0
J12: =SUM(D12:I12) -> 0
A13: =C1-2 -> -2 | B13: Fri | J13: =SUM(D13:I13) -> 0
J14: =SUM(D14:I14) -> 0
A15: =C1-1 -> -1 | B15: Sat | J15: =SUM(D15:I15) -> 0
J16: =SUM(D16:I16) -> 0
A17: =C1 -> 0 | B17: Sun | J17: =SUM(D17:I17) -> 0
J18: =SUM(D18:I18) -> 0
C20: Register Total | D20: =SUM(D5:D18) -> 0 | E20: =SUM(E5:E19) -> 0 | F20: =SUM(F5:F19) -> 0 | G20: =SUM(G5:G19) -> 0 | H20: =SUM(H5:H19) -> 0 | I20: =SUM(I5:I19) -> 0 | J20: =SUM(J5:J18) -> 0
A21: Tax Rate | B21: 0.0875 | C21: Sales Tax | D21: =ROUND(D20-(D20/($B$26)),2) -> 0 | E21: =ROUND(E20-(E20/($B$26)),2) -> 0 | F21: =ROUND(F20-(F20/($B$26)),2) -> 0 | G21: =ROUND(G20-(G20/($B$26)),2) -> 0 | H21: =ROUND(H20-(H20/($B$26)),2) -> 0 | I21: =ROUND(I20-(I20/($B$26)),2) -> 0 | J21: =SUM(D21:I21) -> 0
A22: Totals Quick Books Entries | D22: =D20-D21 -> 0 | E22: =SUM(E20-E21) -> 0 | F22: =F20-F21 -> 0 | G22: =G20-G21 -> 0 | H22: =SUM(H20-H21) -> 0 | I22: =SUM(I20-I21) -> 0 | J22: =SUM(D22:I22) -> 0
A23: Acccount Numbers | D23: 4230 | E23: 4231 | F23: 4235 | G23: 4240 | H23: 4255 | I23: 4245
G24: OTHER INCOME
D25: Over /Short
B26: =1+B21 -> 1.0875 | D26: Bingo
D27: Raffles
D28: Machines
D29: Other Income/ Resale Merchandise
D30: ENDOWMENT
D31: KEY CARDS
D32: Other Income/ Resale Merchandise Decribe Here
D33: Other Income/ Resale Merchandise Decribe Here
D34: Other Income/ Resale Merchandise Decribe Here
D35: Other Income/ Resale Merchandise Decribe Here
D36: Other Income/ Resale Merchandise Decribe Here
D37: Other Income/ Resale Merchandise Decribe Here
D38: Other Income/ Resale Merchandise Decribe Here
... D40: Other Income/ Resale Merchandise Decribe Here
G41: DEPOSIT TOTAL | J41: =SUM(J25:J40) -> 0

Sheet Expenditures Weekly Envelope
G1: Cash Expenditures
D2: Draft Beer
D3: Beer Can/ Bottle
D4: Liquor
D5: Wine
D6: Miscellaneous
D7: Food
D8: Complimentary Beverages
D9: Complimentary Food
D10: Repairs
D11: Laundry
D12: Bar Supplies
D13: Kitchen Supplies
... D24: Other Cash Payout Enter Description Here
G26: DEPOSIT TOTAL | J26: =SUM(J2:J25) -> 0
